AoeStats
← 76561199026418587

Arabia

510254216Analyzed
2v2 RM · 2d ago on Sep 30, 2026· 75m 12s· 4 players
Game mode
Random Map
Map size
Medium (4 player)
Population
200
Speed
Normal
Resources
Standard
Victory
Conquest
Starting age
Dark Age
Ending age
Imperial Age
RankedLock teamsTeams togetherTeam positionsShared explorationLock speedFull tech treeHidden civsTurbo modeCheats
Victory
Defeat
🇨🇷 Vietnamese · Costa Rica
1103
+15
🇨🇷 Lithuanians · Costa Rica
1065
+16
🇨🇱 Khitans · Chile
1076
-16
🇨🇳 Spanish · China
1070
-15
76561199026418587
6:53 Loom
10:34 Feudal Age
17:00 Fletching
20:22 Castle Age
23:22 Bodkin Arrow
30:07 Padded Archer Armor
31:31 Husbandry
32:10 Bloodlines
38:52 Gold Mining
43:49 Double-Bit Axe
53:55 Leather Archer Armor
71:55 Pikeman
zesar434
7:26 Loom
9:26 Feudal Age
10:35 Double-Bit Axe
16:36 Forging
16:27 Domestication
17:56 Scale Barding Armor
21:58 Castle Age
22:57 Bow Saw
22:52 Pastoralism
23:30 Iron Casting
22:58 Husbandry
30:57 Wheelbarrow
31:12 Chain Barding Armor
33:39 Hand Cart
33:41 Fletching
45:11 Imperial Age
48:04 Scale Mail Armor
49:14 Elite Skirmisher
49:54 Bodkin Arrow
49:59 Padded Archer Armor
54:32 Bracer
55:59 Two-Man Saw
55:39 Transhumance
56:59 Ballistics
56:55 Gold Mining
58:33 Chemistry
59:08 Leather Archer Armor
Aloti
8:02 Loom
10:13 Feudal Age
10:22 Man-at-Arms
11:08 Double-Bit Axe
15:51 Horse Collar
16:25 Fletching
17:18 Padded Archer Armor
25:34 Castle Age
25:38 Crossbowman
26:23 Thumb Ring
26:42 Bodkin Arrow
27:53 Wheelbarrow
30:23 Hand Cart
30:25 Bow Saw
31:36 Leather Archer Armor
31:46 Ballistics
45:41 Gold Mining
49:21 Imperial Age
49:27 Arbalester
50:12 Bracer
52:47 Chemistry
61:47 Scale Barding Armor
62:13 Ring Archer Armor
61:27 Light Cavalry
62:40 Bloodlines
63:19 Chain Barding Armor
63:11 Forging
63:41 Husbandry
67:48 Plate Barding Armor
71:47 Town Watch
nando-quiros
9:29 Feudal Age
11:26 Bloodlines
11:08 Double-Bit Axe
17:55 Loom
22:06 Castle Age
20:11 Horse Collar
21:29 Forging
21:30 Gold Mining
22:37 Scale Barding Armor
27:00 Iron Casting
26:43 Husbandry
31:03 Wheelbarrow
30:43 Stone Mining
44:11 Bow Saw
46:18 Hand Cart
45:52 Town Watch
50:37 Chain Barding Armor
52:50 Stone Shaft Mining
52:39 Fervor
52:35 Town Patrol
60:51 Imperial Age
65:43 Plate Barding Armor
64:31 Cavalier
Connection lost

Rejoining the realm…

Still unreachable

The connection could not be restored.

Session expired

The server has moved on; the page needs a fresh start.